 Dungeon Crawl Stone Soup version 0.18-a0-1805-g8ab820f (webtiles) character file.

1001 Loki the Grappler (level 8, -1/78 HPs)
             Began as a Troll Monk on Apr 25, 2016.
             Slain by a yak (13 damage)
             ... on level 5 of the Dungeon.
             The game lasted 00:08:20 (3492 turns).

Loki the Grappler (Troll Monk)                      Turns: 3492, Time: 00:08:21

Health: -1/78      AC:  6    Str: 20    XL:     8   Next: 0%
Magic:  7/7        EV: 10    Int: 14    God:
Gold:   247        SH:  0    Dex: 12    Spells: 0 memorised, 7 levels left

rFire  . . .     SeeInvis .       - Unarmed
rCold  . . .     Gourm    +     a - +0 robe
rNeg   . . .     Faith    .     (no shield)
rPois  .         Spirit   .     (helmet restricted)
rElec  .         Dismiss  .     o - +0 cloak
rCorr  .         Reflect  .     (gloves unavailable)
SustAt +         Harm     .     (boots unavailable)
MR     .....                    (no amulet)
Stlth  +.........               v - ring of sustain attributes
                                h - +6 ring of intelligence

@: not resistant to hostile enchantments, very unstealthy
A: unfitting armour, claws 3, fast metabolism 3, gourmand, regeneration 2,
shaggy fur 1, tough skin 2
a: no special abilities


You were on level 5 of the Dungeon.
You were not hungry.

You visited 1 branch of the dungeon, and saw 5 of its levels.

You collected 247 gold pieces.

Inventory:

Hand Weapons
 l - a +0 hunting sling
Missiles
 y - 35 poisoned needles
 A - 43 sling bullets
Armour
 a - a +0 robe (worn)
 o - a +0 cloak (worn)
Jewellery
 h - a +6 ring of intelligence (left claw)
 v - a ring of sustain attributes (right claw)
 D - a +6 ring of dexterity {unknown}
Scrolls
 c - 2 scrolls of immolation {unknown}
 d - a scroll of recharging {unknown}
 e - 2 scrolls of teleportation {unknown}
 g - 2 scrolls of enchant armour {unknown}
 i - 2 scrolls of noise {unknown}
 j - 4 scrolls of identify {unknown}
 n - a scroll of enchant weapon {unknown}
 w - 3 scrolls of remove curse {unknown}
Potions
 f - a potion of might {unknown}
 m - a potion of mutation {unknown}
 p - a potion of degeneration {unknown}
 q - 2 potions of lignification {unknown}
 s - 2 potions of cure mutation {unknown}
 t - 2 potions of magic {unknown}
 u - 2 potions of flight {unknown}
 x - 2 potions of agility {unknown}
 z - a potion of resistance {unknown}
 B - 4 potions of curing {unknown}
 E - a potion of beneficial mutation {unknown}
 G - a potion of brilliance {unknown}
Books
 H - a book of Air

   Spells                             Type                      Level
   a - Shock                          Conjuration/Air              1
   b - Swiftness                      Charms/Air                   2
   c - Repel Missiles                 Charms/Air                   2
   d - Static Discharge               Conjuration/Air              3
   e - Lightning Bolt                 Conjuration/Air              5
Comestibles
 b - 4 bread rations
 k - 3 meat rations
 r - a beef jerky
 C - a slice of pizza
 F - a royal jelly


   Skills:
 + Level 3.8 Fighting
 + Level 3.8 Throwing
 - Level 2.4 Dodging
 - Level 1.1 Stealth
 * Level 8.2 Unarmed Combat


You had 7 spell levels left.
You didn't know any spells.

Dungeon Overview and Level Annotations

Branches:
Dungeon (5/15)
 Temple: D:4-7

Altars:
Fedhas
Zin
The Shining One

Annotations:
D:5 Edmund


Innate Abilities, Weirdness & Mutations

You are too large for most types of armour.
You have claws for hands.
Your metabolism is lightning-fast.
You like to eat raw meat.
You heal very quickly.
You are covered in fur (AC +1).
You have very tough skin (AC +2).


Message History

The yak is severely wounded.
The yak closely misses you.
You barely miss the yak.
The yak is severely wounded.
The yak gores you.
You claw the yak!
You kill the yak!
You have reached level 8!
You scratch the yak.
The yak is moderately wounded.
The yak gores you!
* * * LOW HITPOINT WARNING * * *
You claw the yak!
The yak is heavily wounded.
The yak gores you!
* * * LOW HITPOINT WARNING * * *
You claw the yak!
The yak is almost dead.
The yak gores you!
You die...

###.##.######.# ..#$## ##
#.##.# #.# #....#..Y
#.##.# #.# ......Y.
###.##.# #.# #####....#
.......# #.# #.....Y..#
###.#### #.# #.###.#..#
#. #.# #.# #.# #..
######.#####.###.#.....
..........@YY...........#
###############.#########
#.# #.# #.# #.# #.# #.#
#.#


You could see 2 yaks.

Vanquished Creatures
  Sigmund (D:5)
  3 yaks (D:5)
  A centaur zombie (D:3)
  A crimson imp (D:5)
  A jelly (D:4)
  A quasit (D:5)
  An orc wizard (D:3)
  2 worker ants
  A hound skeleton (D:5)
  Robin (D:2)
  4 gnolls (D:3)
  6 adders
  A shadow imp (D:5)
  2 worms
  3 giant geckos
  4 orcs (D:3)
  A ball python (D:3)
  6 bats
  5 giant cockroaches
  16 goblins
  8 hobgoblins
  3 quokkas (D:3)
  3 giant newts
  7 kobolds
  5 rats
87 creatures vanquished.

Notes
Turn   | Place    | Note
--------------------------------------------------------------
     0 | D:1      | Loki the Troll Monk began the quest for the Orb.
     0 | D:1      | Reached XP level 1. HP: 22/22 MP: 0/0
   251 | D:1      | Reached XP level 2. HP: 29/29 MP: 1/1
   746 | D:2      | Noticed Robin
   759 | D:2      | Reached skill level 5 in Unarmed Combat
   759 | D:2      | Reached XP level 3. HP: 26/36 MP: 2/2
   800 | D:2      | Killed Robin
  1457 | D:3      | Reached XP level 4. HP: 44/44 MP: 3/3
  1501 | D:3      | Reached skill level 1 in Throwing
  2065 | D:3      | Reached skill level 6 in Unarmed Combat
  2066 | D:3      | Reached XP level 5. HP: 50/50 MP: 4/4
  2625 | D:4      | Found a glowing silver altar of Zin.
  2679 | D:4      | Found a glowing golden altar of the Shining One.
  2776 | D:4      | Reached XP level 6. HP: 56/59 MP: 5/5
  3157 | D:5      | Entered Level 5 of the Dungeon
  3273 | D:5      | Noticed Sigmund
  3293 | D:5      | Killed Sigmund
  3293 | D:5      | Reached skill level 7 in Unarmed Combat
  3322 | D:5      | Reached XP level 7. HP: 46/67 MP: 6/6
  3324 | D:5      | Found a blossoming altar of Fedhas.
  3448 | D:5      | Noticed a yak
  3448 | D:5      | Noticed a yak
  3450 | D:5      | Noticed a yak
  3450 | D:5      | Noticed a yak
  3467 | D:5      | Killed a yak
  3471 | D:5      | Killed a yak
  3471 | D:5      | Reached skill level 8 in Unarmed Combat
  3472 | D:5      | Noticed a yak
  3477 | D:5      | Noticed Edmund
  3489 | D:5      | Killed a yak
  3489 | D:5      | Reached XP level 8. HP: 29/78 MP: 7/7
  3492 | D:5      | Slain by a yak

Vault maps used:
D:1:      dpeg_arrival_line_fractal, kennysheep_flooded_box, st_stairs_6,
          corexii_corridor_pit
D:2:      minmay_misc_feat_room, uniq_robin
D:4:      nicolae_tso_swordbearing_angel, lemuel_doored_altar, first_bread
D:5:      lemuel_coloured_pillars_altar, uniq_sigmund, uniq_edmund

Skill      XL: |  1  2  3  4  5  6  7 |
---------------+----------------------+-----
Unarmed Combat | 5 6 7 8 |  8.2
Throwing       | 1 2 3 |  3.8
Fighting       | 3 |  3.8
Dodging        | |  2.4
Stealth        | |  1.1

Action                   |  1- 3 |  4- 6 |  7- 9 || total
-------------------------+-------+-------+-------++-------
Melee: Unarmed           |    89 |   111 |    35 ||   235
       Punch             |     1 |     3 |       ||     4
 Stab: Sleeping          |     1 |     3 |       ||     4
  Eat: Chunk             |    15 |    15 |     2 ||    32
Armor: Robe              |    30 |    37 |     6 ||    73
Dodge: Dodged            |    39 |    52 |     8 ||    99
